 Dungeon Crawl Stone Soup version 0.25.1-2-g60ff931df9 (webtiles) character file.

Game seed: 12751729971939212146

8 Ivernyr the Ogre Mage (level 2, -2/26 HPs)
             Began as an Ogre Wizard on Oct 16, 2020.
             Slain by Terence
             ... wielding a cursed -1 flail
              (7 damage)
             ... on level 2 of the Dungeon.
             The game lasted 00:01:36 (904 turns).

Ivernyr the Ogre Mage (Ogre Wizard)                  Turns: 904, Time: 00:01:37

Health: -2/26      AC:  3    Str: 10    XL:     2   Next: 8%
Magic:  2/6        EV: 10    Int: 19    God:
Gold:   49         SH:  0    Dex:  7    Spells: 5/8 levels left

rFire    . . .     SeeInvis .   b - +0 dagger (curse)
rCold    . . .     Gourm    .   (no shield)
rNeg     . . .     Faith    .   a - +0 robe
rPois    .         Spirit   .   (helmet restricted)
rElec    .         Reflect  .   (no cloak)
rCorr    .         Harm     .   (gloves unavailable)
MR       .....                  (boots unavailable)
Stlth    +.........             (no amulet)
HPRegen  0.08/turn              (no ring)
MPRegen  0.10/turn              (no ring)

@: no status effects
A: large, unfitting armour, tough skin 1
a: no special abilities


You were on level 2 of the Dungeon.
You were not hungry.

You visited 1 branch of the dungeon, and saw 2 of its levels.

You collected 49 gold pieces.

Inventory:

Hand Weapons
 b - a cursed +0 dagger (weapon)
Armour
 a - a +0 robe (worn)
Potions
 d - a potion of haste {unknown}
 e - a potion of flight {unknown}
 f - a potion of stabbing {unknown}
Comestibles
 g - a ration


   Skills:
 + Level 0.8 Fighting
 + Level 1.9 Dodging
 - Level 1.4 Stealth
 + Level 3.7 Spellcasting
 * Level 1.3 Conjurations
   Level 0.8 Summonings
 - Level 0.8 Translocations


You had 5 spell levels left.
You knew the following spells:

 Your Spells              Type           Power        Failure   Level  Hunger
a - Magic Dart            Conj           #...         9%          1    None
b - Blink                 Tloc           N/A          16%         2    ##.....

Your spell library contained the following spells:

 Spells                   Type           Power        Failure   Level  Hunger
 Call Imp                 Summ           #.......     16%         2    ##.....
 Slow                     Hex            #.......     22%         2    ##.....
 Conjure Flame            Conj/Fire      #.......     32%         3    ###....
 Mephitic Cloud           Conj/Pois/Air  #.......     34%         3    ###....


Dungeon Overview and Level Annotations

Branches:
Dungeon (2/15)

Altars:

Annotations:
D:2 Terence


Innate Abilities, Weirdness & Mutations

You are too large for most types of armour.
You have tough skin. (AC +1)


Message History

Terence barely misses you. The giant cockroach barely misses you.
You closely miss Terence.
Terence is severely wounded.
The giant cockroach barely misses you.
Terence hits you with a cursed -1 flail.
* * * LOW HITPOINT WARNING * * *
You hit Terence.
Terence is severely wounded.
The giant cockroach closely misses you. Terence misses you.
You hit Terence.
Terence is severely wounded.
The giant cockroach barely misses you.
You hit Terence but do no damage.
Terence is severely wounded.
The giant cockroach closely misses you. Terence hits you but does no damage.
The giant cockroach bites you but does no damage.
You hit Terence but do no damage.
Terence is severely wounded.
Terence hits you with a cursed -1 flail!
You die...

######
#....#####
#........#
####........#
##...........#
...........s.##
.......<..J@@.#
..........###.#
.....#....# .#
.... #....# ..
... #....# +#.
.) +....+ .. .
#....# ..
#....+ ...


You could see Terence, an ooze and a giant cockroach.

Vanquished Creatures
  A bat (D:1)
  A giant cockroach (D:1)
  A goblin (D:1)
  A ball python (D:1)
  3 frilled lizards (D:1)
  2 rats (D:1)
9 creatures vanquished.

Notes
Turn   | Place    | Note
-------+----------+-------------------------------------------
     0 | D:1      | Ivernyr the Ogre Wizard began the quest for the Orb.
     0 | D:1      | Reached XP level 1. HP: 16/16 MP: 5/5
   102 | D:1      | Reached skill level 1 in Conjurations
   519 | D:1      | Reached XP level 2. HP: 24/26 MP: 2/6
   523 | D:1      | Learned a level 2 spell: Blink
   879 | D:2      | Noticed Terence
   904 | D:2      | Slain by Terence

Illustrated notes

Levels and vault maps discovered:
D:1:      nagdon_arrival_double_spiral, layout_basic, minmay_crystal_room,
          hex_tiny
D:2:      kennysheep_big_flooded_room, layout_basic,
          chequers_ecumenical_altar_lobes, nicolae_qazlal_style_of_elements,
          uniq_terence

Skill      XL: |  1 |
---------------+----+-----
Conjurations   | 1 |  1.3
Fighting       | |  0.8
Dodging        | |  1.9
Stealth        | |  1.4
Spellcasting   | |  3.7
Summonings     | |  0.8
Translocations | |  0.8

Action                   || total
-------------------------++-------
Melee: Dagger            ||    30
 Cast: Magic Dart        ||    15
Armor: Robe              ||    15
Dodge: Dodged            ||    26
